 Dungeon Crawl Stone Soup version 0.30.0-10-gfe55d96785 (webtiles) character file.

Game seed: 43753565307946436

1 Anandil the Sneak (level 1, 0/18 HPs)
             Began as a Demonspawn Delver on May 13, 2023.
             Slain by a phantom (5 damage)
             ... on level 5 of the Dungeon.
             The game lasted 00:01:34 (203 turns).

Anandil the Sneak (Demonspawn Delver)                Turns: 203, Time: 00:01:34

Health: 0/18       AC:  3    Str: 12    XL:     1   Next: 16%
Magic:  1/1        EV: 11    Int: 11    God:
Gold:   16         SH:  0    Dex: 14    Spells: 0/0 levels left

rFire   . . .        a - +0 hand axe
rCold   . . .        (no shield)
rNeg    . . .        b - +0 leather armour
rPois   .            (no helmet)
rElec   .            (no cloak)
rCorr   .            (no gloves)
SInv    .            (no boots)
Will    .....        (no amulet)
Stlth   ++           (no ring)
HPRegen 0.23/turn    (no ring)
MPRegen 0.07/turn

%: no passive effects
@: hasted, very quick
A: no striking features
a: no special abilities


You were on level 5 of the Dungeon.
You visited 1 branch of the dungeon, and saw 2 of its levels.

You collected 16 gold pieces.

Inventory:

Hand Weapons
 a - a +0 hand axe (weapon)
Armour
 b - a +0 leather armour (worn)
Wands
 g - a wand of digging (1)
Scrolls
 c - a scroll of fog
 d - a scroll of magic mapping
 e - a scroll of fear


   Skills:
 + Level 3.0 Fighting
 + Level 1.8 Axes
 + Level 1.8 Dodging
 - Level 4.5 Stealth


You couldn't memorise any spells.
You didn't know any spells.
Your spell library was empty.

Dungeon Overview and Level Annotations

Branches:
Dungeon (5/15)
 Temple: D:4-7

Altars:

Annotations:
D:5 1 runed translucent door, exclusion: scorpion, Crazy Yiuf


Message History

You closely miss the phantom. The phantom hits you.
The phantom blinks!
You blink.
You hit the phantom but do no damage. The phantom hits you.
The phantom blinks!
You blink.
The phantom hits you.
The phantom blinks!
You blink.
You closely miss the phantom. The phantom hits you.
You barely miss the phantom. The phantom hits you.
The phantom blinks!
You blink.
You closely miss the phantom.
The phantom hits you but does no damage.
You hit the phantom but do no damage. The phantom hits you.
You are too injured to fight recklessly!
Okay, then.
You feel yourself speed up.
The phantom hits you but does no damage.
You hit the phantom.
The phantom is lightly damaged.
The phantom closely misses you.
You hit the phantom.
The phantom is moderately damaged.
The phantom hits you but does no damage.
You hit the phantom.
The phantom is moderately damaged.
The phantom barely misses you.
You hit the phantom.
The phantom is moderately damaged.
The phantom hits you.
* * * LOW HITPOINT WARNING * * *
The phantom blinks!
You blink.
You hit the phantom.
The phantom is heavily damaged.
The phantom barely misses you.
You closely miss the phantom.
The phantom is heavily damaged.
The phantom closely misses you.
You closely miss the phantom.
The phantom is heavily damaged.
You closely miss the phantom.
The phantom is heavily damaged.
The phantom hits you.
You die...

## #.........#
##.##.#..# #...
###........####.#
......§..........
........#####.#.#
####.########.#.#
#§.§...>.....#
########..#######?###
#..W@.##..# #. ... .
#.###.##..###<####. #
#. #.............. #.
#####.###.#.#..## #.
#.# .....h #. #.# #..
.. #.# #..## ## #....
##.##


You could see a phantom.

Vanquished Creatures
  A quokka (D:5)
1 creature vanquished.

Notes
Turn   | Place    | Note
-------+----------+-------------------------------------------
     0 | D:5      | Anandil the Demonspawn Delver began the quest for the Orb.
     0 | D:5      | Reached XP level 1. HP: 18/18 MP: 1/1
    16 | D:5      | Found a runed translucent door.
    17 | D:5      | Noticed Crazy Yiuf
    92 | D:5      | Noticed a scorpion
   131 | D:5      | Noticed a water moccasin
   145 | D:5      | Noticed a hound
   170 | D:4      | Noticed a jelly
   184 | D:5      | Noticed a phantom
   203 | D:5      | Slain by a phantom

Illustrated notes

Levels and vault maps discovered:
D:4:      layout_loops_corners, fedhas_altar_3, kennysheep_generic_room_4,
          uniq_menkaure, uniq_pargi, uniq_eustachio
D:5:      layout_loops_ring, minmay_temple_entry_junction_2,
          uniq_crazy_yiuf_cottage

Action                     || total
---------------------------++-------
  Melee: Hand axe          ||    24
  Evoke: Wand              ||     2
    Use: Potion            ||     1
 Armour: Leather armour    ||     6
  Dodge: Dodged            ||    11
